 Dungeon Crawl Stone Soup version 0.31-a0-854-g362426d53f (webtiles) character file.

Game seed: 3226898634012156986

23 grindst0ne the Trooper (level 3, -1/37 HPs)
             Began as an Ogre Gladiator on Oct 8, 2023.
             Slain by Robin
             ... wielding a +0 falchion
              (6 damage)
             ... on level 2 of the Dungeon.
             The game lasted 00:03:43 (764 turns).

grindst0ne the Trooper (Ogre Gladiator)              Turns: 764, Time: 00:03:44

Health: -1/37      AC:  4    Str: 18    XL:     3   Next: 0%
Magic:  3/3        EV: 10    Int:  9    God:
Gold:   142        SH:  0    Dex: 12    Spells: 2/2 levels left

rFire   . . .        a - +0 war axe
rCold   + . .        (no shield)
rNeg    . . .        b - +1 robe
rPois   +            c - melded +0 hat
rElec   .            (cloak currently unavailable)
rCorr   .            (gloves unavailable)
SInv    .            (boots unavailable)
Will    .....        (no amulet)
Stlth   +            g - ring of protection from cold
HPRegen 0.26/turn    h - ring of poison resistance
MPRegen 0.08/turn

%: no passive effects
@: mighty, beast-form, attractive
A: beast (slay +0), large, unfitting armour, tough skin 1
a: Begin Untransformation


You were on level 2 of the Dungeon.
You were a hulking beast.
You visited 1 branch of the dungeon, and saw 2 of its levels.

You collected 142 gold pieces.

Inventory:

Hand Weapons
 a - a +0 war axe (weapon)
Missiles
 d - 3 throwing nets (quivered)
 e - a large rock
Armour
 b - a +1 robe (worn)
 c - a +0 hat (melded)
Jewellery
 g - a ring of protection from cold (left hand)
 h - a ring of poison resistance (right hand)
Talismans
 l - a beast talisman (active)
Scrolls
 k - 2 scrolls of revelation {unknown}


   Skills:
 + Level 3.5 Fighting
 - Level 3.0 Axes
 - Level 2.3 Throwing
 - Level 2.6 Dodging
 * Level 1.1 Shapeshifting


You had 2 spell levels left.
You didn't know any spells.
Your spell library contained the following spells:

 Spells                   Type           Power      Damage    Failure   Level
 Dazzling Flash           Conj/Hex       0%         N/A       77%         3
 Volatile Blastmotes      Fire/Tloc      0%         2d10      77%         3
 Starburst                Conj/Fire      0%         6d3       100%        6
 Maxwell's Capacitive Co  Air            0%         ∞         100%        8


Dungeon Overview and Level Annotations

Branches:
Dungeon (2/15)

Altars:

Annotations:
D:2 Robin


Innate Abilities, Weirdness & Mutations

You are a hulking beast.
Your limbs bulge with bestial killing power. (Slay +0)
You are too large for most types of armour.
You have tough skin. (AC +1)


Message History

It was a potion of might.
You feel very mighty all of a sudden. The goblin barely misses you. x2
You barely miss the goblin. You hit the goblin.
You kill the goblin!
The goblin hits you with a +0 club.
* * * LOW HITPOINT WARNING * * *
You slice the goblin!!
You kill the goblin!
You hit Robin.
The goblin no longer looks unusually strong.
Robin throws the goblin at you! The goblin barely misses you.
The goblin misses you.
You slash the goblin!
You kill the goblin!
You closely miss Robin. Robin throws the goblin at you!
* * * LOW HITPOINT WARNING * * *
The goblin hits you but does no damage.
You have reached level 3!
Your experience leads to an increase in your attributes!
Increase (S)trength, (I)ntelligence, or (D)exterity?
You feel agile. x2; You feel stronger.
It was a potion of attraction.
You feel attractive to monsters.
Robin roars a battlecry!
The goblin goes into a battle-frenzy!
The goblin hits you but does no damage.
As you read the scroll labelled MUSHUM RAZOSU, it crumbles to dust.
It is a scroll of amnesia.
You feel forgetful for a moment. Robin barely misses you.
The goblin hits you but does no damage.
As you read the scroll labelled OCAACETALA, it crumbles to dust.
It is a scroll of enchant armour.
Your +0 robe glows green for a moment.
The goblin closely misses you. Robin closely misses you.
You hit the goblin.
You kill the goblin!
You slash Robin! Robin hits you with a +0 falchion.
You die...
Robin calls out, "Let's celebrate!
Time for a feast!"

#. #. #
.. #.#.
#.#. ##
... .#
###.###.#
#..bgh<.#
#.#.###.#
... .#
#... ##
...#g
..###g
##. #g #
#g


You could see Robin and a bat.

Vanquished Creatures
  2 bats (D:1)
  An endoplasm (D:1)
  10 goblins
  3 hobgoblins
  A jackal (D:1)
  2 kobolds (D:1)
19 creatures vanquished.

Notes
Turn   | Place    | Note
-------+----------+-------------------------------------------
     0 | D:1      | grindst0ne the Ogre Gladiator began the quest for the Orb.
     0 | D:1      | Reached XP level 1. HP: 22/22 MP: 1/1
   252 | D:1      | Reached XP level 2. HP: 19/31 MP: 2/2
   744 | D:2      | Noticed Robin
   757 | D:2      | Reached skill level 1 in Shapeshifting
   761 | D:2      | Reached XP level 3. HP: 4/37 MP: 3/3
   764 | D:2      | Slain by Robin

Illustrated notes

Levels and vault maps discovered:
D:1:      dpeg_arrival_rooms_a, layout_basic, minmay_pentomino_x4
D:2:      minmay_recursive_quarters, layout_basic, uniq_robin

Skill      XL: |  1  2 |
---------------+-------+-----
Fighting       | 3 |  3.5
Shapeshifting  | 1 |  1.1
Axes           | |  3.0
Throwing       | |  2.3
Dodging        | |  2.6

Action                     || total
---------------------------++-------
  Melee: War axe           ||    28
    Use: Potion            ||     2
         Scroll            ||     2
   Stab: Sleeping          ||     1
 Armour: Robe              ||    29
  Dodge: Dodged            ||    20
   Form: Beast             ||     1

Table legend: (Time is in decaauts)
 A = Elapsed time spent in this place.
 B = Non-inter-level travel time spent in this place.
 C = Inter-level travel time spent in this place.
 D = Time resting spent in this place.
 E = Time spent auto-exploring this place.
 F = Levels seen in this place.
 G = Mean time per level.
                   A        B        C        D        E       F      G
               +--------+--------+--------+--------+--------+-----+--------+
         Total |    772 |    759 |     13 |      0 |    625 |   2 |  386.0 |
       Dungeon |    772 |    759 |     13 |      0 |    625 |   2 |  386.0 |
               +--------+--------+--------+--------+--------+-----+--------+

Top non-repeatable levels by time:
     D:1: 746 daAuts
     D:2: 26 daAuts
